Map: Oxide LE

Players

FLORENCIO - Winner!

  • Race: Protoss Protoss
  • League: Gold
  • Spawn Location: 7:00

VoyagerOne

  • Race: Zerg Zerg
  • League: Platinum
  • Spawn Location: 1:00

VOD

Have the link to the VOD?

Description

Time

  • Played on: Oct. 15, 2020, 9:54 p.m.
  • Length: 6:30
Show
View Real Time Build Order
Export as new Build Order

FLORENCIO Protoss - Winner!

Build Orders: Cannon Rush 

Get SALT Encoding   

  12  0:00  Probe  
  13  0:12  Probe  
  14  0:24  Probe  
  15  0:40  Pylon  
  15  0:50  Assimilator  
  15  0:58  Probe  
  15  1:02  Forge  
  16  1:06  Gateway  
  16  1:13  Pylon  
  16  1:19  Probe  
  17  1:29  Assimilator  
  17  1:31  Probe  
  18  1:40  Photon Cannon  
  18  1:43  Photon Cannon  
  18  1:46  Photon Cannon  
  18  1:56  Photon Cannon  
  18  2:02  Pylon  
  18  2:05  Photon Cannon  
  18  2:17  Pylon  
  18  2:38  Pylon  
  18  2:40  Zealot (Chrono Boost)  
  18  2:41  Nexus  
  20  2:48  Probe  
  21  2:57  Cybernetics Core  
  21  3:00  Probe  
  21  3:01  Assimilator  
  21  3:05  Assimilator  
  22  3:14  Zealot (Chrono Boost)  
  22  3:19  Probe  
  25  3:34  Pylon  
  25  3:35  Zealot (Chrono Boost)  
  27  3:55  Zealot (Chrono Boost)  
  29  4:11  Stargate  
  29  4:26  Probe  
  30  4:37  Pylon  
  30  4:38  Probe  
  30  4:39  Shield Battery  
  30  4:41  Photon Cannon  
  31  4:45  Void Ray (Chrono Boost)  
  32  4:53  Probe (Chrono Boost)  
  32  4:54  Pylon  
  32  4:58  Probe (Chrono Boost)  
  37  5:06  Probe (Chrono Boost)  
  38  5:14  Probe (Chrono Boost)  
  38  5:16  Probe  
  38  5:18  Assimilator  
  38  5:20  Assimilator  
  40  5:26  Probe  
  41  5:28  Probe  
Show
View Real Time Build Order
Export as new Build Order

VoyagerOne Zerg 

Build Orders: Pool First 

Get SALT Encoding   

  12  0:00  Drone  
  13  0:12  Drone  
  14  0:20  Overlord  
  14  0:39  Drone x3  
  17  0:46  Spawning Pool  
  16  0:52  Drone  
  17  1:16  Extractor  
  16  1:21  Drone x2  
  19  1:25  Drone  
  19  1:34  Queen  
  19  1:38  Zergling x2  
  22  1:45  Overlord  
  22  1:59  Overlord  
  21  2:20  Drone x2  
  21  2:23  Roach Warren  
  17  2:41  Drone x2  
  19  2:58  Overlord  
  19  3:00  Hatchery  
  18  3:07  Roach  
  18  3:09  Roach  
  22  3:17  Roach  
  24  3:25  Roach  
  26  3:27  Ravager  
  26  3:29  Roach  
  26  3:33  Ravager  
  30  3:37  Roach  
  32  3:44  Roach  
  34  3:54  Drone x2  
  36  3:58  Roach  
  38  4:07  Extractor  
  38  4:09  Roach  
  39  4:13  Roach  
  42  4:19  Roach  
  44  4:24  Zergling x2  
  44  4:30  Roach  
  45  4:49  Overlord x2  
  45  4:54  Overlord  
  45  4:59  Ravager  
  46  5:04  Overlord  
  46  5:10  Ravager  
  46  5:19  Ravager  
  47  5:25  Roach  
  46  5:37  Roach  
  46  5:38  Roach  
Tags
 
Add a new tag
Caveats
  • Supply blocks, unpowered buildings, or Contaminate may cause inaccurate times.
  • Supply counts are checked every 10 seconds.